MID
GREENSBORO GRASSHOPPERS @ LAKEWOOD BLUECLAWS
09/08/2045
 
TOP OF THE 1ST
Greensboro Grasshoppers batting - Pitching for Lakewood BlueClaws : RHP Jorge Sanchez
Pitching: RHP Jorge Sanchez
Batting: RHB Rick Fell 0-0: Ball
1-0: Ball
2-0: Ball
3-0: Swinging Strike
3-1: Ground out 5-3 (Groundball, 56S, EV 86.2 MPH)
Batting: RHB Gavin Helton 0-0: Called Strike
0-1: Foul Ball, location: 2F
0-2: Fly out, F8 (Flyball, 8RS, EV 79.4 MPH)
Batting: RHB Akira Suzuki 0-0: Called Strike
0-1: Ball
1-1: Fly out, F9 (Flyball, 9LM, EV 94.4 MPH)
Top of the 1st over - 0 runs, 0 hits, 0 errors, 0 left on base; Greensboro 0 - Lakewood 0
BOTTOM OF THE 1ST
Lakewood BlueClaws batting - Pitching for Greensboro Grasshoppers : RHP Tim Barnett
Pitching: RHP Tim Barnett
Batting: RHB Chris Myers 0-0: Ball
1-0: Fly out, F9 (Flyball, 9LS, EV 89.4 MPH)
Batting: LHB Jose Carlos 0-0: Called Strike
0-1: Foul Ball, location: 2F
0-2: Foul Ball, location: 2F
0-2: Strikes out swinging
Batting: LHB Josh George 0-0: Ball
1-0: DOUBLE (Line Drive, 89D, EV 104.4 MPH)
Batting: RHB Manny Mendoza 0-0: Ball
1-0: Ball
2-0: Called Strike
2-1: Swinging Strike
2-2: Foul Ball, location: 2F
2-2: Ground out 6-3 (Groundball, 6, EV 106.2 MPH)
Bottom of the 1st over - 0 runs, 1 hit, 0 errors, 1 left on base; Greensboro 0 - Lakewood 0
TOP OF THE 2ND
Greensboro Grasshoppers batting - Pitching for Lakewood BlueClaws : RHP Jorge Sanchez
Batting: RHB Jake Shelton 0-0: Called Strike
0-1: Ball
1-1: Swinging Strike
1-2: SINGLE (Line Drive, 6D, EV 96.9 MPH)
Batting: RHB Willie Chavez 0-0: Called Strike
0-1: Ball
Passed Ball!
Jake Shelton to second
1-1: 2-RUN HOME RUN (Flyball, 7LD, EV 90.6 MPH), Distance : 332 ft
Batting: LHB Emilio Cordero 0-0: Ball
1-0: Ball
2-0: Ball
3-0: Called Strike
3-1: Called Strike
3-2: Base on Balls
Batting: RHB Kyle Ashton 0-0: DOUBLE (Groundball, 5L, EV 104.4 MPH)
Emilio Cordero to third
Batting: RHB Humberto Oros 0-0: Ball
1-0: Ball
2-0: Ground out 4-3 (Groundball, 34, EV 79.4 MPH)
Emilio Cordero scores
Kyle Ashton to third
Batting: RHB Marco Sianez 0-0: Called Strike
0-1: Swinging Strike
0-2: SINGLE (Groundball, 25, EV 69.4 MPH) (infield hit)
Batting: RHB Rick Fell 0-0: Ball
1-0: Swinging Strike
1-1: Ball
2-1: Foul Ball, location: 2F
2-2: Ball
3-2: SINGLE (Groundball, 56S, EV 66.9 MPH) (infield hit)
Kyle Ashton scores
Marco Sianez to second
Batting: RHB Gavin Helton 0-0: Ball
1-0: Called Strike
1-1: Fielders Choice at 2nd, 6-4 (Groundball, 6, EV 92.5 MPH)
Marco Sianez to third
Batting: RHB Akira Suzuki 0-0: Called Strike
0-1: Ball
1-1: Ball
2-1: SINGLE (Groundball, 56D, EV 95.6 MPH)
Marco Sianez scores
Gavin Helton to second
Pitching: RHP Danny Zuniga
Batting: RHB Jake Shelton 0-0: Ball
1-0: Ball
2-0: Foul Ball, location: 2F
2-1: Called Strike
2-2: Foul Ball, location: 2F
2-2: 3-RUN HOME RUN (Flyball, 78XD, EV 100.6 MPH), Distance : 427 ft
Batting: RHB Willie Chavez 0-0: Ground out 2-3 (Groundball, 15S, EV 65.6 MPH)
Top of the 2nd over - 8 runs, 7 hits, 0 errors, 0 left on base; Greensboro 8 - Lakewood 0
BOTTOM OF THE 2ND
Lakewood BlueClaws batting - Pitching for Greensboro Grasshoppers : RHP Tim Barnett
Batting: RHB Matt McDevitt 0-0: Ball
1-0: Ball
2-0: Fly out, F8 (Flyball, 8LM, EV 87.5 MPH)
Batting: RHB Victor Arroyo 0-0: Ball
1-0: Swinging Strike
1-1: Ball
2-1: Called Strike
2-2: Ball
3-2: Foul Ball, location: 2F
3-2: Strikes out swinging
Batting: RHB Gary Hills 0-0: Ball
1-0: Foul Ball, location: 2F
1-1: Foul Ball, location: 2F
1-2: Foul Ball, location: 2F
1-2: Fly out, F9 (Flyball, 9LM, EV 84.4 MPH)
Bottom of the 2nd over - 0 runs, 0 hits, 0 errors, 0 left on base; Greensboro 8 - Lakewood 0
TOP OF THE 3RD
Greensboro Grasshoppers batting - Pitching for Lakewood BlueClaws : RHP Danny Zuniga
Batting: LHB Emilio Cordero 0-0: Swinging Strike
0-1: Ball
1-1: Foul Ball, location: 2F
1-2: Ball
2-2: Foul Ball, location: 2F
2-2: Strikes out looking
Batting: RHB Kyle Ashton 0-0: Ball
1-0: Ball
2-0: Swinging Strike
2-1: Called Strike
2-2: Ball
3-2: Foul Ball, location: 2F
3-2: Ground out 5-3 (Groundball, 25, EV 80.0 MPH)
Batting: RHB Humberto Oros 0-0: Ball
1-0: Swinging Strike
1-1: Ground out 4-3 (Groundball, 4S, EV 68.8 MPH)
Top of the 3rd over - 0 runs, 0 hits, 0 errors, 0 left on base; Greensboro 8 - Lakewood 0
BOTTOM OF THE 3RD
Lakewood BlueClaws batting - Pitching for Greensboro Grasshoppers : RHP Tim Barnett
Batting: RHB Pablo Lopez 0-0: Swinging Strike
0-1: Called Strike
0-2: Ball
1-2: Ball
2-2: Fly out, F8 (Line Drive, 8RD, EV 110.0 MPH)
Batting: RHB Pedro Mata 0-0: Called Strike
0-1: Ball
1-1: SINGLE (Flyball, 3D, EV 92.5 MPH)
Batting: RHB Chris Myers 0-0: Called Strike
0-1: Ball
1-1: Ball
Balk!
Pedro Mata to second
2-1: Ball
3-1: Ground out 5-3 (Groundball, 5, EV 96.2 MPH)
Batting: LHB Jose Carlos 0-0: Foul Ball, location: 2F
0-1: Ball
1-1: Ball
2-1: Ball
3-1: Foul Ball, location: 2F
3-2: Fly out, F7 (Flyball, 7S, EV 93.8 MPH)
Bottom of the 3rd over - 0 runs, 1 hit, 0 errors, 1 left on base; Greensboro 8 - Lakewood 0
TOP OF THE 4TH
Greensboro Grasshoppers batting - Pitching for Lakewood BlueClaws : RHP Danny Zuniga
Batting: RHB Marco Sianez 0-0: Ball
1-0: Called Strike
1-1: Called Strike
1-2: Ball
2-2: Ground out 4-3 (Groundball, 4M, EV 84.4 MPH)
Batting: RHB Rick Fell 0-0: Ball
1-0: Ball
2-0: Swinging Strike
2-1: Ball
3-1: Called Strike
3-2: Strikes out looking
Batting: RHB Gavin Helton 0-0: Ball
1-0: Foul Ball, location: 2F
1-1: Ground out 4-3 (Groundball, 4M, EV 104.4 MPH)
Top of the 4th over - 0 runs, 0 hits, 0 errors, 0 left on base; Greensboro 8 - Lakewood 0
BOTTOM OF THE 4TH
Lakewood BlueClaws batting - Pitching for Greensboro Grasshoppers : RHP Tim Barnett
Batting: LHB Josh George 0-0: Ball
1-0: Ball
2-0: Called Strike
2-1: Fly out, F8 (Flyball, 8LD, EV 105.0 MPH)
Batting: RHB Manny Mendoza 0-0: Called Strike
0-1: Ball
1-1: Foul Ball, location: 2F
1-2: Ground out 3-1 (Groundball, 34S, EV 79.4 MPH)
Batting: RHB Matt McDevitt 0-0: Ball
1-0: Swinging Strike
1-1: Ground out U3 (Groundball, 34S, EV 85.6 MPH)
Bottom of the 4th over - 0 runs, 0 hits, 0 errors, 0 left on base; Greensboro 8 - Lakewood 0
TOP OF THE 5TH
Greensboro Grasshoppers batting - Pitching for Lakewood BlueClaws : RHP Danny Zuniga
Batting: RHB Akira Suzuki 0-0: Ball
1-0: Called Strike
1-1: SINGLE (Line Drive, 56D, EV 95.6 MPH)
Batting: RHB Jake Shelton 0-0: Called Strike
0-1: Ball
1-1: Foul Ball, location: 2F
1-2: Ball
2-2: Ball
3-2: Strikes out swinging
Pitching: RHP Dustin Hensley
Batting: RHB Willie Chavez 0-0: Called Strike
0-1: Foul Ball, location: 2F
0-2: Ball
1-2: Ball
2-2: Ball
3-2: Foul Ball, location: 2F
3-2: Fly out, F9 (Flyball, 9, EV 88.8 MPH)
Batting: LHB Emilio Cordero 0-0: Swinging Strike
0-1: Ball
1-1: Swinging Strike
1-2: SINGLE (Line Drive, 89S, EV 105.0 MPH)
Akira Suzuki to second
Batting: RHB Kyle Ashton 0-0: Called Strike
0-1: Ball
1-1: Swinging Strike
1-2: Strikes out swinging
Top of the 5th over - 0 runs, 2 hits, 0 errors, 2 left on base; Greensboro 8 - Lakewood 0
BOTTOM OF THE 5TH
Lakewood BlueClaws batting - Pitching for Greensboro Grasshoppers : RHP Tim Barnett
Batting: RHB Victor Arroyo 0-0: Called Strike
0-1: Ball
1-1: Ball
2-1: Called Strike
2-2: Ball
3-2: Strikes out looking
Batting: RHB Gary Hills 0-0: Called Strike
0-1: Ball
1-1: Ball
2-1: Called Strike
2-2: Foul Ball, location: 2F
2-2: Strikes out swinging
Batting: RHB Pablo Lopez 0-0: SINGLE (Groundball, 5D, EV 101.2 MPH)
Batting: RHB Pedro Mata 0-0: Called Strike
0-1: Ball
1-1: Called Strike
Pablo Lopez steals 2nd base
1-2: Ball
2-2: Fly out, F4 (Line Drive, 4, EV 73.8 MPH)
Bottom of the 5th over - 0 runs, 1 hit, 0 errors, 1 left on base; Greensboro 8 - Lakewood 0
TOP OF THE 6TH
Greensboro Grasshoppers batting - Pitching for Lakewood BlueClaws : RHP Dustin Hensley
Batting: RHB Humberto Oros 0-0: Called Strike
0-1: Ball
1-1: Ground out 5-3 (Groundball, 25, EV 76.9 MPH)
Batting: RHB Marco Sianez 0-0: SINGLE (Groundball, 56, EV 105.0 MPH)
Batting: RHB Rick Fell 0-0: Ball
1-0: Ball
2-0: Foul Ball, location: 2F
2-1: Ball
3-1: Swinging Strike
3-2: Base on Balls
Marco Sianez to second
Pitching: RHP Ricardo Dominguez
Batting: RHB Gavin Helton 0-0: Foul Ball, location: 2F
0-1: Foul Ball, location: 2F
0-2: Ball
1-2: Ball
2-2: SINGLE (Groundball, 4MS, EV 66.9 MPH) (infield hit)
Marco Sianez to third
Rick Fell to second
Pinch Runner at 1st Jerry Delgado:
Batting: RHB Akira Suzuki 0-0: Grounds into double play, 6-4-3 (Groundball, 56D, EV 101.2 MPH)
Top of the 6th over - 0 runs, 2 hits, 0 errors, 2 left on base; Greensboro 8 - Lakewood 0
BOTTOM OF THE 6TH
Lakewood BlueClaws batting - Pitching for Greensboro Grasshoppers : RHP Tim Barnett
Now at 1B: Jordan Arcidez
Batting: RHB Chris Myers 0-0: Fly out, F8 (Flyball, 89D, EV 78.8 MPH)
Batting: LHB Jose Carlos 0-0: Foul Ball, location: 2F
0-1: Ground out U3 (Groundball, 13, EV 90.0 MPH)
Batting: LHB Josh George 0-0: Ball
1-0: Ball
2-0: Fly out, F7 (Flyball, 7LS, EV 85.6 MPH)
Bottom of the 6th over - 0 runs, 0 hits, 0 errors, 0 left on base; Greensboro 8 - Lakewood 0
TOP OF THE 7TH
Greensboro Grasshoppers batting - Pitching for Lakewood BlueClaws : RHP Ricardo Dominguez
Batting: RHB Jake Shelton 0-0: SINGLE (Groundball, 23, EV 62.5 MPH) (infield hit)
Batting: RHB Willie Chavez 0-0: SINGLE (Groundball, 6MD, EV 105.0 MPH)
Jake Shelton to second
Batting: LHB Emilio Cordero 0-0: Foul Ball, location: 2F
0-1: Called Strike
0-2: Ball
1-2: Foul Ball, location: 2F
1-2: Ball
2-2: Strikes out swinging
Batting: RHB Kyle Ashton 0-0: Swinging Strike
0-1: Ball
1-1: Foul Ball, location: 2F
1-2: Ball
2-2: 3-RUN HOME RUN (Flyball, 9D, EV 106.9 MPH), Distance : 390 ft
Batting: RHB Humberto Oros 0-0: Fly out, F7 (Line Drive, 7, EV 96.9 MPH)
Batting: RHB Marco Sianez 0-0: Ball
1-0: Ground out 5-3 (Groundball, 5S, EV 68.8 MPH)
Top of the 7th over - 3 runs, 3 hits, 0 errors, 0 left on base; Greensboro 11 - Lakewood 0
BOTTOM OF THE 7TH
Lakewood BlueClaws batting - Pitching for Greensboro Grasshoppers : RHP Tim Barnett
Batting: RHB Manny Mendoza 0-0: Ball
1-0: Called Strike
1-1: Ball
2-1: SINGLE (Groundball, 6MD, EV 96.2 MPH)
Batting: RHB Matt McDevitt 0-0: Called Strike
0-1: Ball
1-1: Ball
2-1: Swinging Strike
2-2: Strikes out looking
Batting: RHB Victor Arroyo 0-0: Ball
1-0: Called Strike
1-1: Ball
2-1: Swinging Strike
2-2: Foul Ball, location: 2F
2-2: Ball
3-2: Foul Ball, location: 2F
3-2: Foul Ball, location: 2F
3-2: Base on Balls
Manny Mendoza to second
Pitching: RHP Matt Alexander
Batting: RHB Gary Hills 0-0: Ball
1-0: Called Strike
1-1: Ball
2-1: Swinging Strike
2-2: Strikes out looking
Batting: RHB Pablo Lopez 0-0: Ball
1-0: Fly out, F8 (Flyball, 78D, EV 84.4 MPH)
Bottom of the 7th over - 0 runs, 1 hit, 0 errors, 2 left on base; Greensboro 11 - Lakewood 0
TOP OF THE 8TH
Greensboro Grasshoppers batting - Pitching for Lakewood BlueClaws : RHP Ricardo Dominguez
Batting: RHB Rick Fell 0-0: Called Strike
0-1: Ball
1-1: Fly out, F8 (Flyball, 8LXD, EV 101.2 MPH)
Batting: RHB Jordan Arcidez 0-0: Called Strike
0-1: Ball
1-1: Called Strike
1-2: Foul Ball, location: 2F
1-2: Ball
2-2: Strikes out looking
Batting: RHB Akira Suzuki 0-0: SINGLE (Line Drive, 34D, EV 100.0 MPH)
Batting: RHB Jake Shelton 0-0: Ball
1-0: Ball
2-0: Called Strike
2-1: Ball
3-1: Ground out 5-3 (Groundball, 56S, EV 66.9 MPH)
Top of the 8th over - 0 runs, 1 hit, 0 errors, 1 left on base; Greensboro 11 - Lakewood 0
BOTTOM OF THE 8TH
Lakewood BlueClaws batting - Pitching for Greensboro Grasshoppers : RHP Matt Alexander
Batting: RHB Pedro Mata 0-0: Ball
1-0: Foul Ball, location: 2F
1-1: Foul Ball, location: 2F
1-2: Foul Ball, location: 2F
1-2: Strikes out swinging
Pinch Hitting: LHB Tsuneharu Nishimura 0-0: Ground out U3 (Groundball, 3, EV 83.8 MPH)
Batting: LHB Jose Carlos 0-0: Called Strike
0-1: Swinging Strike
0-2: Strikes out swinging
Bottom of the 8th over - 0 runs, 0 hits, 0 errors, 0 left on base; Greensboro 11 - Lakewood 0
TOP OF THE 9TH
Greensboro Grasshoppers batting - Pitching for Lakewood BlueClaws : RHP Ricardo Dominguez
Now in CF: Tsuneharu Nishimura
Batting: RHB Willie Chavez 0-0: Foul Ball, location: 2F
0-1: Called Strike
0-2: Ground out 5-3 (Groundball, 56S, EV 71.2 MPH)
Batting: LHB Emilio Cordero 0-0: Foul Ball, location: 2F
0-1: Fly out, F5 (Flyball, 5D, EV 93.8 MPH)
Batting: RHB Kyle Ashton 0-0: Called Strike
0-1: Ball
1-1: Ball
2-1: Ball
3-1: SINGLE (Flyball, 56D, EV 91.2 MPH)
Batting: RHB Humberto Oros 0-0: Called Strike
0-1: Ball
1-1: Ground out U3 (Groundball, 34S, EV 85.0 MPH)
Top of the 9th over - 0 runs, 1 hit, 0 errors, 1 left on base; Greensboro 11 - Lakewood 0
BOTTOM OF THE 9TH
Lakewood BlueClaws batting - Pitching for Greensboro Grasshoppers : RHP Matt Alexander
Batting: LHB Josh George 0-0: Foul Ball, location: 2F
0-1: Called Strike
0-2: Ball
1-2: Strikes out swinging
Batting: RHB Manny Mendoza 0-0: Ball
1-0: Foul Ball, location: 2F
1-1: Called Strike
1-2: Strikes out looking
Batting: RHB Matt McDevitt 0-0: Called Strike
0-1: Ball
1-1: Ball
2-1: Foul Ball, location: 2F
2-2: Foul Ball, location: 2F
2-2: Ball
3-2: Base on Balls
Batting: RHB Victor Arroyo 0-0: Called Strike
0-1: Foul Ball, location: 2F
0-2: Ball
1-2: Strikes out swinging
Bottom of the 9th over - 0 runs, 0 hits, 0 errors, 1 left on base; Greensboro 11 - Lakewood 0
Wednesday, June 22nd , 2022 - OOTP Baseball 23.4 Build 64